 Dungeon Crawl Stone Soup version 0.29-a0-493-g10c3c7b (webtiles) character file.

Game seed: 5068325913715148300

1103 Toastz the Carver (level 8, 0/64 HPs)
             Began as a Barachi Warper on May 27, 2022.
             Was an Initiate of Fedhas.
             Killed by divine providence
             ... invoked by an orc priest
              (13 damage)
             ... on level 7 of the Dungeon.
             The game lasted 00:15:42 (4629 turns).

Toastz the Carver (Barachi Warper)                  Turns: 4629, Time: 00:15:42

Health: 0/64       AC: 13    Str: 16    XL:     8   Next: 32%
Magic:  11/11      EV: 11    Int: 15    God:    Fedhas [......]
Gold:   355        SH:  4    Dex: 13    Spells: 9/11 levels left

rFire   . . .      SeeInvis .   a - +0 falchion
rCold   . . .      Faith    .   n - +0 buckler
rNeg    . . .      Spirit   .   l - +2 ring mail {Will+}
rPois   .          Reflect  .   F - +0 helmet
rElec   .          Harm     .   i - +1 cloak
rCorr   +          Rampage  .   m - +1 pair of gloves of the Cricket {Str+4 Stlth+}
Will    +....                   (no boots)
Stlth   ++........              f - amulet of regeneration
HPRegen 1.00/turn               D - ring of resist corrosion
MPRegen 0.12/turn               (no ring)

@: unable to hop, slow
A: amphibious, slowness 1, strong legs 1, +LOS
a: Hop, Renounce Religion


You were on level 7 of the Dungeon.
You worshipped Fedhas.
Fedhas was noncommittal.
You visited 2 branches of the dungeon, and saw 9 of its levels.

You collected 355 gold pieces.

Inventory:

Hand Weapons
 a - a +0 falchion (weapon)
Missiles
 d - 6 boomerangs of dispersal
 e - 109 stones (quivered)
 v - 2 javelins
 x - 2 poisoned darts
 y - 2 boomerangs
Armour
 b - a +0 leather armour
 i - a +1 cloak (worn)
 l - a +2 ring mail of willpower (worn)
 m - the +1 pair of gloves of the Cricket (worn) {Str+4 Stlth+}
   (You acquired it on level 4 of the Dungeon)

   Str:       It affects your strength (+4).
   Stlth:     It makes you more stealthy.
 n - a +0 buckler (worn)
 F - a +0 helmet (worn)
Jewellery
 f - an amulet of regeneration (around neck)
 w - a ring of fire
 D - a ring of resist corrosion (left hand)
 H - an amulet of faith
Wands
 o - a wand of flame (11)
 r - a wand of iceblast (12)
 u - a wand of polymorph (4)
 I - a wand of mindburst (9)
Scrolls
 j - 2 scrolls of enchant weapon
 B - a scroll of teleportation {unknown}
Potions
 h - 2 potions of attraction
 k - a potion of flight {unknown}
 s - a potion of berserk rage {unknown}
 A - a potion of curing {unknown}
 C - a potion of haste {unknown}
 E - a potion of mutation {unknown}
 G - a potion of cancellation {unknown}


   Skills:
 + Level 6.1 Fighting
 * Level 8.6 Long Blades
 - Level 1.0 Throwing
 - Level 3.0 Armour
 - Level 3.0 Dodging
 + Level 1.7 Shields
 - Level 2.1 Spellcasting
 + Level 4.5 Translocations


You had 9 spell levels left.
You knew the following spells:

 Your Spells              Type           Power      Damage    Failure   Level
a - Blink                 Tloc           30%        N/A       13%         2

Your spell library contained the following spells:

 Spells                   Type           Power      Damage    Failure   Level
 Gell's Gravitas          Tloc           15%        N/A       26%         3
 Lesser Beckoning         Tloc           15%        N/A       26%         3
 Teleport Other           Tloc           15%        N/A       26%         3
 Sandblast                Erth           2%         2d4       47%         1
 Ensorcelled Hibernation  Hex/Ice        2%         N/A       63%         2
 Passwall                 Tmut/Erth      0%         N/A       63%         2
 Stone Arrow              Conj/Erth      2%         3d7       85%         3
 Swiftness                Air            1%         N/A       85%         3
 Manifold Assault         Tloc           15%        N/A       93%         5


Dungeon Overview and Level Annotations

Branches:
Dungeon (8/15)             Temple (1/1) D:4
   Lair: D:8-11

Altars:
Ashenzari
Dithmenos
Elyvilon
Fedhas
Gozag
Hepliaklqana
Kikubaaqudgha
Okawaru
Qazlal
Ru
Sif Muna
Wu Jian
Xom
Yredelemnul

Shops:
D:5 [


Innate Abilities, Weirdness & Mutations

You are amphibious.
You cover ground slowly.
You can hop short distances.
You have an extended range of vision and can be seen from far away.


Message History

The orc hits you but does no damage.
You barely miss the orc priest.
The orc priest is moderately wounded.
The orc hits you with a +0 short sword.
* * * LOW HITPOINT WARNING * * *
The orc priest barely misses you.
You hit the orc priest.
The orc priest is severely wounded.
You block the orc's attack. The orc priest barely misses you.
The orc priest invokes the aid of Beogh against you.
Beogh smites you!
* * * LOW HITPOINT WARNING * * *
Okay, then.
Okay, then.
As you read the scroll labelled KEAVAGOAVO, it crumbles to dust.
You feel aware of your surroundings.
You sensed 1 shop/portal.
It was a scroll of magic mapping.
The orc completely misses you. The orc priest closely misses you.
As you read the scroll labelled OPAFIRA JYUNIA, it crumbles to dust.
It is a scroll of enchant armour.
Your +0 cloak glows green for a moment.
The orc hits you with a +0 short sword.
* * * LOW HITPOINT WARNING * * *
The orc priest hits you but does no damage.
The orc priest casts a cantrip, but nothing happens.
You hit the orc priest.
The orc priest is almost dead.
The orc hits you but does no damage. The orc priest hits you with a +0 whip.
* * * LOW HITPOINT WARNING * * *
The howler monkey hoots and howls with incredible vigour!
You hear a shout!
Blink to where?
Press: ? - help, Dir - move target
Found 2 fuming coppery potions.
As you read the scroll of blinking, it crumbles to dust.
The orc priest calls upon Beogh to heal the orc.
The orc's wounds heal themselves!
The orc priest calls down the wrath of Beogh upon you.
Beogh smites you!
You die...
Fedhas appreciates your contribution to the ecosystem.

***,,,,......** #o.# *,,,,
**,,*,,,......########..# *,,,,
,,,,**,,.........##....##
**,,,, ,,,,,***............h.?#
#..... ,,,,,***#..............#
##..... *,,,,,*
*#............## #......
*,,,,,* *#...........# *......
**,,,,** ##..........# ##....#
**,,,,* ##...@.....# #..$..#
*,,,,** ##.......## #......
**,,,,*** ##>...?..#####..=...
*,,,,,,****#...................
*,,,,,,,,,...########..)o.(..o>
**,,,,,,<*###* ###).......
*,*,,***** ##....... *,,,**
#....... *,,** #.......


You could see a howler monkey and an orc priest.

Vanquished Creatures
  A water moccasin (D:7)
  An ogre (D:4)
  2 black bears
  A phantom (D:5)
  2 centaurs
  2 scorpions
  2 howler monkeys (D:7)
  A hound (D:5)
  2 iguanas
  A howler monkey zombie (D:3)
  5 gnolls
  5 adders
  A white imp (D:6)
  An ufetubus (D:5)
  An adder zombie (D:3)
  2 dart slugs
  7 orcs
  4 bats
  4 endoplasms
  2 giant cockroaches
  10 goblins
  8 hobgoblins
  6 jackals
  2 quokkas
  10 ball pythons
  5 frilled lizards
  12 kobolds
  6 rats
106 creatures vanquished.

Notes
Turn   | Place    | Note
-------+----------+-------------------------------------------
     0 | D:1      | Toastz the Barachi Warper began the quest for the Orb.
     0 | D:1      | Reached XP level 1. HP: 17/17 MP: 3/3
    69 | D:1      | Reached skill level 3 in Long Blades
    72 | D:1      | Reached XP level 2. HP: 14/23 MP: 5/5
   582 | D:1      | Learned a level 2 spell: Blink
   648 | D:1      | Reached XP level 3. HP: 29/29 MP: 6/6
   680 | D:1      | Found a faded altar of an unknown god.
   897 | D:2      | Reached skill level 4 in Long Blades
  1532 | D:2      | Reached XP level 4. HP: 35/35 MP: 7/7
  1839 | D:3      | Found a stormy altar of Qazlal.
  1839 | D:3      | Found a shadowy altar of Dithmenos.
  1928 | D:3      | Noticed Sigmund
  1929 | D:3      | Noticed Sigmund
  1929 | D:3      | Sigmund changed into Sigmund the gnoll
  1938 | D:3      | Killed Sigmund the gnoll
  2057 | D:3      | Reached XP level 5. HP: 42/42 MP: 8/8
  2063 | D:3      | Reached skill level 5 in Long Blades
  2066 | D:3      | Found a basalt altar of Yredelemnul.
  2099 | D:4      | Noticed a black bear
  2178 | D:4      | Noticed an ogre
  2188 | D:4      | Killed an ogre
  2189 | D:4      | Reached XP level 6. HP: 18/48 MP: 9/9
  2237 | D:4      | Reached skill level 6 in Long Blades
  2385 | D:4      | Killed a black bear
  2386 | D:4      | Reached skill level 5 in Fighting
  2386 | D:4      | Reached XP level 7. HP: 46/56 MP: 10/10
  2464 | D:4      | Found a staircase to the Ecumenical Temple.
  2470 | Temple   | Entered the Ecumenical Temple
  2925 | Temple   | Became a worshipper of Fedhas Madash
  3232 | D:4      | Identified a scroll of acquirement
  3233 | D:4      | Acquired the +1 pair of gloves of the Cricket {Str+4
                  | Stlth+}
  3345 | D:5      | Entered Level 5 of the Dungeon
  3367 | D:5      | Reached skill level 7 in Long Blades
  3519 | D:5      | Found a shimmering blue altar of Sif Muna.
  3747 | D:5      | Found Immealudgh's Antique Armour Emporium.
  3799 | D:5      | Found a shimmering altar of Xom.
  4453 | D:6      | You fall into a shaft and drop 2 floors!
  4561 | D:7      | Reached skill level 8 in Long Blades
  4561 | D:7      | Reached XP level 8. HP: 28/64 MP: 11/11
  4564 | D:7      | Reached skill level 1 in Shields
  4579 | D:7      | HP: 2/64 [gnoll/+2 vampiric spear (6)]
  4599 | D:7      | HP: 3/64 [orc priest/+0 whip (4)]
  4629 | D:7      | Killed from afar by an orc priest

Illustrated notes

Levels and vault maps discovered:
D:1:      psy_arrival_statuary, layout_rooms,
          dreamdust_ecumenical_altar_hidden_monk_grotto,
          dreamdust_princess_bridge
D:2:      minmay_wonky_spiral, layout_loops_ring,
          amcnicky_mini_rare_corridor_liquid
D:3:      layout_rooms, lemuel_zombie_altar_yredelemnul,
          gammafunk_temple_overflow_pools, st_stairs_9, minmay_cupped,
          uniq_sigmund
D:4:      kennysheep_the_goblin_king, layout_cave_pools,
          minmay_temple_entry_fiery
D:5:      layout_cave_pools, kennysheep_little_box, old_standard_altar,
          serial_shops, shop, amethyst_killhole
D:6:      nicolae_cairo_tiling, layout_basic, serial_shops,
          nicolae_shop_hallway_stairs, uniq_crazy_yiuf_cottage
D:7:      layout_cave_pods, serial_shops, shop
D:8:      layout_layer_cave, mainiacjoe_overflow_six_doors_small,
          chei_slow_surprise, eat_drink_and_be_merry_uskayaw, zin_angel,
          mainiacjoe_overflow_paths, serial_shops,
          nicolae_shop_bloodbath_and_beyond, nicolae_figureground_sparkle
Temple:   jpeg_temple_island

Skill      XL: |  1  2  3  4  5  6  7  8 |
---------------+-------------------------+-----
Long Blades    | 3 4 5 6 8 |  8.6
Fighting       | 3 4 5 6 |  6.1
Armour         | 2 3 |  3.0
Dodging        | 3 |  3.0
Translocations | 4 |  4.5
Shields        | 1 |  1.7
Throwing       | |  1.0
Spellcasting   | |  2.1

Action                   |  1- 3 |  4- 6 |  7- 9 || total
-------------------------+-------+-------+-------++-------
Melee: Falchion          |    97 |   178 |   199 ||   474
       Punch             |       |     1 |     2 ||     3
Throw: Stone             |    49 |    30 |    66 ||   145
       Javelin           |     6 |    19 |       ||    25
       Boomerang         |       |     1 |       ||     1
 Abil: Hop               |     1 |       |     2 ||     3
Evoke: Wand              |       |     2 |       ||     2
  Use: Scroll            |       |       |    11 ||    11
       Potion            |       |       |     6 ||     6
 Stab: Invisible         |       |       |     4 ||     4
       Sleeping          |       |       |     1 ||     1
Armor: Leather armour    |    11 |       |       ||    11
       Ring mail         |    18 |   107 |   131 ||   256
Dodge: Dodged            |    63 |   128 |   168 ||   359
Block: Buckler           |       |       |    26 ||    26

Table legend: (Time is in decaauts)
 A = Elapsed time spent in this place.
 B = Non-inter-level travel time spent in this place.
 C = Inter-level travel time spent in this place.
 D = Time resting spent in this place.
 E = Time spent auto-exploring this place.
 F = Levels seen in this place.
 G = Mean time per level.
                   A        B        C        D        E       F      G
               +--------+--------+--------+--------+--------+-----+--------+
         Total |   5317 |   5105 |    212 |    290 |   3480 |   9 |  590.8 |
       Dungeon |   4734 |   4586 |    148 |    290 |   2974 |   8 |  591.8 |
        Temple |    582 |    518 |     64 |      0 |    506 |   1 |  582.0 |
               +--------+--------+--------+--------+--------+-----+--------+

Top non-repeatable levels by time:
     D:2: 947 daAuts
     D:4: 845 daAuts
     D:1: 844 daAuts
     D:5: 643 daAuts
     D:3: 642 daAuts
     D:6: 626 daAuts
  Temple: 582 daAuts
     D:7: 102 daAuts
     D:8: 82 daAuts
